 Seeded DCSS version 0.28.0-1-gb440e238dd (webtiles) character file.

Game seed: 11041845003192542153 (custom seed)

178 oldmanjim the Changer (level 5, -15/41 HPs)
             Began as a Draconian Transmuter on Feb 26, 2022.
             Was a Believer of Fedhas.
             Hit by a boomerang thrown by an orc warrior (17 damage)
             ... on level 3 of the Dungeon.
             The game lasted 00:19:50 (3132 turns).

oldmanjim the Changer (Draconian Transmuter)        Turns: 3132, Time: 00:19:51

Health: -15/41     AC:  5    Str: 13    XL:     5   Next: 32%
Magic:  8/8        EV: 12    Int: 15    God:    Fedhas [**....]
Gold:   1170       SH:  0    Dex: 11    Spells: 3/8 levels left

rFire   . . .      SeeInvis .     - Unarmed
rCold   + . .      Faith    .   (no shield)
rNeg    . . .      Spirit   .   (armour unavailable)
rPois   .          Reflect  .   (helmet restricted)
rElec   .          Harm     .   (no cloak)
rCorr   .          Rampage  .   (no gloves)
Will    .....                   (no boots)
Stlth   +.........              (no amulet)
HPRegen 0.13/turn               h - +4 ring of slaying
MPRegen 0.11/turn               f - ring of protection from cold

@: no status effects
A: AC +5, unfitting armour, cold-blooded
a: Renounce Religion, Wall of Briars


You were on level 3 of the Dungeon.
You worshipped Fedhas.
Fedhas was pleased with you.
You visited 1 branch of the dungeon, and saw 3 of its levels.

You collected 1260 gold pieces.
You spent 90 gold pieces at shops.

Inventory:

Hand Weapons
 a - a +0 hunting sling
Missiles
 i - 101 stones
 j - 15 bolts
 k - 8 poisoned darts (quivered)
 m - 2 javelins
Armour
 c - the +0 kite shield of Spite {Rampage Will+ Int+3 Stlth+}
   (You acquired it on level 1 of the Dungeon)

   Int:       It affects your intelligence (+3).
   Rampage:   It bestows one free step when moving towards enemies.
   Will:      It increases your willpower.
   Stlth:     It makes you more stealthy.
Jewellery
 f - a ring of protection from cold (right hand)
 h - a +4 ring of slaying (left hand)
Scrolls
 b - 2 scrolls of teleportation {unknown}
 d - 2 scrolls of identify {unknown}
 e - a scroll of amnesia {unknown}
 g - a scroll of immolation {unknown}
 n - a scroll of silence {unknown}
Potions
 l - 2 potions of curing


   Skills:
 - Level 2.0 Fighting
 - Level 1.7 Dodging
 + Level 2.9 Shields
 - Level 3.0 Unarmed Combat
 - Level 2.0 Spellcasting
 - Level 4.0 Transmutations
 * Level 1.3 Ice Magic


You had 3 spell levels left.
You knew the following spells:

 Your Spells              Type           Power      Damage    Failure   Level
a - Beastly Appendage     Tmut           26%        N/A       4%          1
b - Ice Form              Ice/Tmut       9%         N/A       58%         4

Your spell library contained the following spells:

 Spells                   Type           Power      Damage    Failure   Level
 Wereblood                Tmut           13%        N/A       6%          2
 Spider Form              Tmut/Pois      7%         N/A       28%         3
 Blink                    Tloc           2%         N/A       32%         2
 Ignite Poison            Fire/Tmut/Pois 5%         N/A       36%         3
 Conjure Flame            Conj/Fire      1%         6-21      54%         3
 Sticky Flame             Conj/Fire      1%         2d3       91%         4
 Manifold Assault         Tloc           1%         N/A       99%         5
 Storm Form               Tmut/Air       3%         N/A       100%        7


Dungeon Overview and Level Annotations

Branches:
Dungeon (3/15)

Altars:
Fedhas
Vehumet
Wu Jian
Zin


Innate Abilities, Weirdness & Mutations

Your plain brown scales are hard. (AC +5)
You cannot fit into any form of body armour.
You are cold-blooded and may be slowed by cold attacks.


Message History

You kill the orc!
Fedhas appreciates your contribution to the ecosystem.
You see here a +0 club.
An orc warrior comes into view. It is wielding a +0 broad axe.
The orc wizard shouts!
You hear a shout! x2; The orc warrior shouts!
An orc comes into view. It is wielding a +1 dagger of speed.
You hit the orc wizard but do no damage.
You claw the orc wizard, but do no damage.
The orc wizard barely misses you. The orc warrior barely misses you.
You hit the orc wizard. You claw the orc wizard.
The orc wizard is heavily wounded.
The orc wizard hits you with a +0 dagger of venom.
You are poisoned.
The orc warrior hits you with a +0 broad axe!!
Ouch! That really hurt!
Unknown command.
You feel very sick.
You feel sick.
You feel sick.
The orc wizard points at you and mumbles some strange words.
The magic dart hits you.
* * * LOW HITPOINT WARNING * * *
You see here a +0 club.
Your transformation is almost over.
* * * LOW HITPOINT WARNING * * *
You feel sick.
* * * LOW HITPOINT WARNING * * *
You feel sick.
* * * LOW HITPOINT WARNING * * *
You feel sick.
* * * LOW HITPOINT WARNING * * *
You feel sick.
* * * LOW HITPOINT WARNING * * *
You feel sick.
You are no longer poisoned.
The orc warrior throws a boomerang.
The boomerang closely misses you.
Your horns disappear.
Your talons disappear.
The orc warrior throws a boomerang.
The boomerang hits you!
You die...
Fedhas appreciates your contribution to the ecosystem.

#...#### ##>............#.....
#..## #.........#####[.....
###...#######.......#.....#..≈≈..
#....<......)......^..####...≈≈..
#..................#### #.......
#..........#####.....#####......_
#..........#####..<#.....#..##...
#.............##...#######..##...
#...............@..#### ##.....♣
...#####..##..#.......#####.....♣
.## #.####.#....##...##.......
#.####......####.##..##... .##
#.#...o.....## #.....####. ...##
#.#..........####......... ...
#.#...........##....##...#
#.###.#.......#.#.#..##.###...
#.ooo)o.......#......##.# #.#.


You could see an orc warrior.

Vanquished Creatures
  A scorpion (D:3)
  Jessica (D:2)
  Natasha (D:3)
  A dart slug (D:2)
  5 orcs (D:3)
  2 bats
  8 endoplasms
  2 giant cockroaches (D:1)
  5 hobgoblins
  3 quokkas
  8 ball pythons
  2 frilled lizards
  7 goblins
  7 kobolds
  8 rats
61 creatures vanquished.

Notes
Turn   | Place    | Note
-------+----------+-------------------------------------------
     0 | D:1      | oldmanjim the Draconian Transmuter began the quest for the
                  | Orb.
     0 | D:1      | Reached XP level 1. HP: 16/16 MP: 3/3
    33 | D:1      | Identified a scroll of acquirement
    33 | D:1      | Acquired the +0 kite shield of Spite {Rampage Will+ Int+3
                  | Stlth+}
   187 | D:1      | Acquired 1162 gold pieces
   371 | D:1      | Reached XP level 2. HP: 23/23 MP: 3/5
   644 | D:1      | Reached skill level 1 in Shields
   708 | D:1      | Found a faded altar of an unknown god.
   716 | D:1      | Acquired a ring of protection from cold
  1050 | D:1      | Prayed at the altar of an unknown god.
  1050 | D:1      | Became a worshipper of Fedhas Madash
  1050 | D:1      | Reached * piety under Fedhas
  1457 | D:2      | Reached XP level 3. HP: 29/29 MP: 4/6
  1597 | D:2      | Noticed Jessica
  1600 | D:2      | Killed Jessica
  1601 | D:2      | Reached skill level 3 in Transmutations
  1728 | D:2      | Reached XP level 4. HP: 36/36 MP: 7/7
  1917 | D:2      | Found a radiant altar of Vehumet.
  2113 | D:2      | Learned a level 4 spell: Ice Form
  2192 | D:3      | Noticed a scorpion
  2200 | D:3      | Killed a scorpion
  2249 | D:3      | Found an ornate altar of the Wu Jian Council.
  2258 | D:3      | Reached ** piety under Fedhas
  2272 | D:3      | Reached skill level 4 in Transmutations
  2294 | D:3      | Reached XP level 5. HP: 41/41 MP: 8/8
  2424 | D:3      | Found Zin's Purification Station.
  2433 | D:3      | Found a glowing silver altar of Zin.
  2438 | D:3      | Bought a potion of curing for 90 gold pieces
  2546 | D:3      | HP: 2/41 [something/puff of flame (8)]
  2881 | D:3      | Noticed Natasha
  2893 | D:3      | Killed Natasha
  2894 | D:3      | Reached skill level 1 in Ice Magic
  3115 | D:3      | Noticed an orc warrior
  3125 | D:3      | HP: 2/41 [poisoned by an orc wizard]
  3132 | D:3      | Hit by a boomerang thrown by an orc warrior

Illustrated notes

Levels and vault maps discovered:
D:1:      heliophobic_arrival_henge, layout_loops_cross,
          shapermc_ecumenical_altar_pompeii, item_on_display_a
D:2:      layout_basic, basic_altar, uniq_jessica
D:3:      layout_rooms, zin_purify, nicolae_wu_jian_wuxing_cycle, uniq_natasha

Skill      XL: |  1  2  3  4  5 |
---------------+----------------+-----
Shields        | 1 2 |  2.9
Fighting       | 2 |  2.0
Transmutations | 3 4 |  4.0
Ice Magic      | 1 |  1.3
Dodging        | |  1.7
Unarmed Combat | |  3.0
Spellcasting   | |  2.0

Action                   |  1- 3 |  4- 6 || total
-------------------------+-------+-------++-------
Melee: Unarmed           |    48 |    15 ||    63
       Headbutt          |     6 |     1 ||     7
       Kick              |     5 |     5 ||    10
       Tailslap          |     3 |       ||     3
 Fire: Hunting sling     |    36 |    34 ||    70
Throw: Dart              |       |     4 ||     4
 Cast: Beastly Appendage |    16 |     3 ||    19
  Use: Scroll            |     3 |       ||     3
 Stab: Sleeping          |     1 |     1 ||     2
Armor: Skin              |    21 |     6 ||    27
Dodge: Dodged            |    23 |    12 ||    35
